 Dungeon Crawl Stone Soup version 0.31-a0-744-gbc345e7fcb (webtiles) character file.

Game seed: 11479765182022641130

1992 Newt the Fighter (level 9, -2/76 HPs)
             Began as a Demonspawn Gladiator on Sept 13, 2023.
             Slain by an orc warrior
             ... wielding a +0 halberd
              (12 damage)
             ... on level 8 of the Dungeon.
             The game lasted 00:06:12 (7230 turns).

Newt the Fighter (Demonspawn Gladiator)             Turns: 7230, Time: 00:06:13

Health: -2/76      AC:  6    Str: 19    XL:     9   Next: 1%
Magic:  9/9        EV: 13    Int:  9    God:
Gold:   331        SH:  0    Dex: 15    Spells: 8/8 levels left

rFire   . . .        d - +2 rapier (venom)
rCold   . . .        (no shield)
rNeg    . . .        b - +0 leather armour
rPois   .            c - +1 helmet
rElec   .            n - +0 cloak
rCorr   .            (no gloves)
SInv    .            (no boots)
Will    +....        (no amulet)
Stlth   +            k - ring of flight
HPRegen 0.32/turn    q - ring of willpower
MPRegen 0.11/turn

%: no passive effects
@: flying
A: hooves 2, demonic guardian 1, powered by pain 1, sturdy frame 1
a: no special abilities


You were on level 8 of the Dungeon.
You visited 1 branch of the dungeon, and saw 7 of its levels.
You also visited: Sewer.

You collected 331 gold pieces.

Inventory:

Hand Weapons
 a - a +0 rapier
 d - a +2 rapier of venom (weapon)
 h - a +2 short sword of freezing
Missiles
 e - a javelin
 y - 4 boomerangs
Armour
 b - a +0 leather armour (worn)
 c - a +1 helmet (worn)
 n - a +0 cloak (worn)
Jewellery
 k - a ring of flight (left hand)
 m - a ring of resist corrosion
 q - a ring of willpower (right hand)
Wands
 f - a wand of iceblast (9)
 v - a wand of flame (14)
 w - a wand of mindburst (19)
Scrolls
 g - 3 scrolls of enchant armour
 l - 3 scrolls of blinking
 p - a scroll of teleportation
 s - 2 scrolls of brand weapon
Potions
 i - a potion of heal wounds
 j - a potion of lignification
 o - a potion of resistance
 r - a potion of ambrosia
 t - 2 potions of might {unknown}
 u - a potion of cancellation {unknown}
 z - 2 potions of curing


   Skills:
 - Level 9.0 Fighting
 - Level 4.0 Short Blades
 - Level 5.0 Throwing
 - Level 4.0 Armour
 + Level 3.3 Dodging


You had 8 spell levels left.
You didn't know any spells.
Your spell library contained the following spells:

 Spells                   Type           Power      Damage    Failure   Level
 Apportation              Tloc           0%         N/A       38%         1
 Foxfire                  Conj/Fire      0%         2x1d4     38%         1
 Jinxbite                 Hex            0%         N/A       54%         2
 Ignite Poison            Fire/Tmut/Pois 0%         N/A       77%         3
 Sticky Flame             Conj/Fire      0%         2d3       99%         4
 Alistair's Intoxication  Tmut/Pois      0%         N/A       100%        5
 Plasma Beam              Fire/Air       0%         2x1d10    100%        6
 Starburst                Conj/Fire      0%         6d3       100%        6
 Ignition                 Fire           0%         3d3       100%        8


Dungeon Overview and Level Annotations

Branches:
Dungeon (8/15)             Temple (0/1) D:4           Sewer (visited)
   Lair: D:8-11

Altars:
Fedhas
Gozag
Uskayaw
Yredelemnul

Annotations:
D:6 3 runed translucent doors, GoodGuyCap's ghost, novice OpSh


Innate Abilities, Weirdness & Mutations

You have hoof-like feet.
A weak demonic guardian rushes to your aid.
You sometimes gain a little power by taking damage.
Your movements are slightly less encumbered by armour. (ER -2)


Message History

The orc is moderately wounded.
The orc completely misses you.
The orc warrior hits you from afar with a +0 halberd.
You hit the orc but do no damage.
The orc looks as sick as possible!
The orc is moderately wounded.
The orc hits you but does no damage.
The orc warrior hits you from afar with a +0 halberd!
You closely miss the orc. You kick the orc.
The orc is almost dead.
You kill the orc!
The orc warrior unwields a +0 halberd.
The orc warrior wields a +0 orcbow.
The orc warrior shoots an arrow.
The arrow barely misses you.
The orc warrior unwields a +0 orcbow.
The orc warrior wields a +0 halberd.
The orc warrior hits you with a +0 halberd.
Items here: )) [ †.
You barely miss the orc warrior.
You kick the orc warrior, but do no damage.
The orc warrior hits you with a +0 halberd!
You are too injured to fight recklessly!
You are too injured to fight recklessly!
You are too injured to fight recklessly!
Unknown command.
You hit the orc warrior but do no damage.
Your kick misses the orc warrior. The orc warrior barely misses you.
You hit the orc warrior but do no damage.
The orc warrior is poisoned.
You kick the orc warrior, but do no damage.
The orc warrior misses you.
You closely miss the orc warrior. You kick the orc warrior.
The orc warrior is moderately wounded.
The orc warrior hits you with a +0 halberd!
You hit the orc warrior but do no damage.
The orc warrior looks as sick as possible!
You kick the orc warrior, but do no damage.
The orc warrior is moderately wounded.
The orc warrior hits you with a +0 halberd!!
* * * LOW HITPOINT WARNING * * *
A demonic guardian appears!
The orc warrior hits you from afar with a +0 halberd!
You die...

#.##'#######.#.
#.#........#.#.
#.#........#...
#.#........#.#.
#.#........#.#.
#.#........#...
##.#........#...
.#########..#........#...
......o)@5..#........#.#.
##########..#######'##.#.
##............#)
#..#######..##. #....
.....##< ...########.##.
#... ..##. ## ..##.
#..##.


You could see an orc warrior (extremely poisoned, ally target) and a friendly
ufetubus (summoned).

Vanquished Creatures
  Pikel (D:8)
  A wyvern (D:7)
  Eustachio (D:6)
  An ice beast (D:7)
  An orc warrior (D:7)
  A black bear (D:7)
  2 ogres (D:6)
  A kobold brigand (D:7)
  3 bullfrogs
  A scorpion (D:6)
  3 orc priests
  Crazy Yiuf (D:2)
  2 hounds
  Natasha (twice) (D:1)
  2 orc wizards (D:6)
  9 adders
  A shadow imp (D:7)
  3 worms
  3 dart slugs (D:1)
  7 orcs
  9 ball pythons
  8 endoplasms
  15 giant cockroaches
  5 goblins
  3 hobgoblins
  8 quokkas
  6 bats
  11 frilled lizards
  12 kobolds
  7 rats
130 creatures vanquished.

Notes
Turn   | Place    | Note
-------+----------+-------------------------------------------
     0 | D:1      | Newt the Demonspawn Gladiator began the quest for the Orb.
     0 | D:1      | Reached XP level 1. HP: 16/16 MP: 1/1
   115 | D:1      | Gained mutation: You sometimes gain a little power by
                  | taking damage. [demonic ancestry]
   115 | D:1      | Reached XP level 2. HP: 11/23 MP: 2/2
   237 | D:1      | Reached skill level 3 in Fighting
   423 | D:1      | Reached XP level 3. HP: 19/29 MP: 3/3
   808 | D:2      | Noticed Natasha
   823 | D:1      | Killed Natasha
   824 | D:1      | Reached skill level 4 in Fighting
   868 | D:1      | Noticed Natasha
   884 | D:1      | Killed Natasha
   885 | D:1      | Reached XP level 4. HP: 12/38 MP: 4/4
  2070 | D:2      | Reached skill level 5 in Fighting
  2303 | D:2      | Found a runed translucent door.
  2304 | D:2      | Noticed Crazy Yiuf
  2592 | D:2      | Killed Crazy Yiuf
  2593 | D:2      | Gained mutation: You have large cloven feet. [demonic
                  | ancestry]
  2593 | D:2      | Reached XP level 5. HP: 42/44 MP: 2/5
  3002 | D:3      | Found a faded altar of an unknown god.
  3373 | D:4      | You are sucked into a shaft and drop 2 floors!
  3377 | D:6      | Noticed Eustachio
  3378 | D:6      | Found an opulent altar of Gozag.
  3402 | D:6      | Killed Eustachio
  3403 | D:6      | Reached XP level 6. HP: 19/51 MP: 6/6
  3582 | D:6      | Found a basalt altar of Yredelemnul.
  3582 | D:6      | Found a hide-covered altar of Uskayaw.
  3824 | D:6      | Gained mutation: You have hoof-like feet. [demonic
                  | ancestry]
  3824 | D:6      | Reached XP level 7. HP: 30/56 MP: 7/7
  3877 | D:6      | Found a glowing drain.
  3895 | Sewer    | Entered a sewer
  4186 | Sewer    | Reached skill level 6 in Fighting
  4806 | D:6      | Reached skill level 7 in Fighting
  4947 | D:6      | Found a runed translucent gate.
  4948 | D:6      | Found a runed translucent gate.
  4948 | D:6      | Noticed GoodGuyCap's ghost (novice OpSh)
  4949 | D:6      | Found a runed translucent gate.
  5757 | D:7      | Noticed a wyvern
  5763 | D:7      | Gained mutation: A weak demonic guardian rushes to your
                  | aid. [demonic ancestry]
  5763 | D:7      | Reached XP level 8. HP: 39/67 MP: 8/8
  5770 | D:7      | Reached skill level 8 in Fighting
  6554 | D:7      | Reached skill level 9 in Fighting
  6659 | D:7      | Found a blossoming altar of Fedhas.
  6930 | D:8      | Noticed Pikel
  6954 | D:8      | Killed Pikel
  6955 | D:8      | Reached skill level 5 in Throwing
  6955 | D:8      | Gained mutation: Your movements are slightly less
                  | encumbered by armour. (ER -2) [demonic ancestry]
  6955 | D:8      | Reached XP level 9. HP: 39/76 MP: 9/9
  7230 | D:8      | Slain by an orc warrior

Illustrated notes

Levels and vault maps discovered:
D:1:      ebering_hopf_link, layout_basic
D:2:      layout_basic, minmay_tetromino_s2, uniq_crazy_yiuf_cottage,
          uniq_natasha
D:3:      layout_loops_ring, ebering_ecumenical_altar_abandoned
D:4:      layout_rooms, minmay_temple_entry_grid
D:6:      layout_cave_pods, gammafunk_temple_overflow_claw,
          nicolae_gozag_seed_capital, portal_sewer_entry_f,
          biasface_ghost_orc_armoury, nicolae_water_bricks, uniq_eustachio
D:7:      layout_rooms, amcnicky_altar_gilded, minivault_11
D:8:      layout_loops_ring, old_standard_altar, grunt_dithmenos_smoke,
          minivault_25, uniq_pikel

Skill      XL: |  1  2  3  4  5  6  7  8 |
---------------+-------------------------+-----
Fighting       | 3 4 5 7 9 |  9.0
Short Blades   | 3 4 |  4.0
Armour         | 2 4 |  4.0
Throwing       | 5 |  5.0
Dodging        | 3 |  3.3

Action                     |  1- 3 |  4- 6 |  7- 9 || total
---------------------------+-------+-------+-------++-------
  Melee: Rapier            |   108 |   135 |   188 ||   431
         Short sword       |       |    57 |       ||    57
         Kick              |       |    17 |    51 ||    68
         Punch             |       |     1 |     2 ||     3
  Throw: Throwing net      |     2 |     8 |     1 ||    11
         Javelin           |       |     2 |       ||     2
    Use: Scroll            |     4 |     7 |     5 ||    16
         Potion            |       |     3 |       ||     3
   Stab: Sleeping          |     2 |       |       ||     2
         Held in net/web   |     1 |     2 |       ||     3
 Armour: Leather armour    |    61 |   129 |   149 ||   339
  Dodge: Dodged            |    62 |   121 |    99 ||   282

Table legend: (Time is in decaauts)
 A = Elapsed time spent in this place.
 B = Non-inter-level travel time spent in this place.
 C = Inter-level travel time spent in this place.
 D = Time resting spent in this place.
 E = Time spent auto-exploring this place.
 F = Levels seen in this place.
 G = Mean time per level.
                   A        B        C        D        E       F      G
               +--------+--------+--------+--------+--------+-----+--------+
         Total |   7234 |   7038 |    196 |   2586 |   3411 |   8 |  904.2 |
       Dungeon |   6517 |   6321 |    196 |   2115 |   3300 |   7 |  931.0 |
         Sewer |    716 |    716 |      0 |    471 |    111 |   1 |  716.0 |
               +--------+--------+--------+--------+--------+-----+--------+

Top non-repeatable levels by time:
     D:6: 1889 daAuts
     D:2: 1538 daAuts
     D:1: 1124 daAuts
     D:7: 938 daAuts
   Sewer: 716 daAuts
     D:3: 677 daAuts
     D:8: 309 daAuts
     D:4: 39 daAuts
